 Dungeon Crawl Stone Soup version 0.31.0-1-g2c135a008e (webtiles) character file.

Game seed: 6335304953420323699

269 qw the Shooter (level 6, -1/46 HPs)
             Began as a Djinni Hunter on Jan 23, 2024.
             Slain by an orc
             ... wielding a +0 war axe
              (4 damage)
             ... on level 3 of the Dungeon.
             The game lasted 00:00:07 (1747 turns).

qw the Shooter (Djinni Hunter)                      Turns: 1747, Time: 00:00:07

Health: -1/46      AC:  6    Str: 10    XL:     6   Next: 46%
Gold:   126        EV: 11    Int: 10    God:
                   SH:  0    Dex: 19

rFire   + + .        a - +1 shortbow
rCold   x . .        (shield currently unavailable)
rNeg    . . .        i - +0 ring mail
rPois   inf          (no helmet)
rElec   .            h - +0 cloak
rCorr   .            (no gloves)
SInv    .            (boots unavailable)
Will    .....        (no amulet)
Stlth   +            (no ring)
HPRegen 0.27/turn    (no ring)
MPRegen 0.00/turn

%: infuse magic (-2 HP)
@: flying
A: sickness immunity, fire resistance 2, cold vulnerability 1, float, innate
caster, HP casting, extra vitality 1
a: no special abilities


You were on level 3 of the Dungeon.
You visited 1 branch of the dungeon, and saw 3 of its levels.

You collected 126 gold pieces.


Innate Abilities, Weirdness & Mutations

You are immune to sickness and miasma.
You are immune to poison.
Your flesh is very heat resistant. (rF++)
You are vulnerable to cold. (rC-)
You float through the air rather than walking.
You learn spells naturally, not from books.
Your magical power is your life essence.
You have superior vitality. (+4 MHP)


   Skills:
 + Level 3.0 Fighting
 - Level 5.3 Ranged Weapons
 - Level 1.0 Armour
 - Level 3.0 Dodging
 - Level 0.7 Stealth


You knew the following spells:

 Your Spells              Type           Power      Damage    Failure   Level
a - Sandblast             Erth           0%         2d4       67%         1
b - Jinxbite              Hex            0%         N/A       82%         2
Your spell library was empty.

Inventory:

Hand Weapons
 a - a +1 shortbow (weapon)
Armour
 h - a +0 cloak (worn)
 i - a +0 ring mail (worn)
Scrolls
 b - a scroll of identify
Potions
 c - a potion of degeneration {unknown}
 d - a potion of lignification {unknown}
 e - a potion of heal wounds {unknown}
 f - a potion of cancellation {unknown}
 k - a potion of resistance {unknown}

Dungeon Overview and Level Annotations

Branches:
Dungeon (3/15)

Altars:
Nemelex Xobeh


Message History

The ribbon worm bites you but does no damage.
The orc hits you with a +0 war axe!
You shoot an arrow.
The arrow barely misses the ribbon worm.
The orc hits you with a +0 war axe.
The ribbon worm expels a string of sticky webbing.
The stream of webbing hits you but does no damage.
You are caught in a web!
You struggle to detach yourself from the web.
The ribbon worm bites you.
The web tears apart.
The orc closely misses you. Something hits you but does no damage.
You shoot an arrow. The arrow hits the ribbon worm.
The ribbon worm is severely wounded.
The ribbon worm expels a string of sticky webbing.
The stream of webbing hits you but does no damage.
You are caught in a web!
You hear some strange, mumbled words.
A puff of flame appears from out of thin air!
The puff of flame hits you but does no damage.
The orc hits you with a +0 war axe!
The web tears apart.
The ribbon worm barely misses you. The orc hits you with a +0 war axe.
Something hits you but does no damage.
You shoot an arrow. The arrow hits the ribbon worm!
You kill the ribbon worm!
The orc hits you but does no damage. Something hits you but does no damage.
You shoot an arrow.
The arrow hits the orc but does no damage.
The orc hits you with a +0 war axe. Something hits you but does no damage.
You hear some strange, mumbled words.
A magic dart appears from out of thin air!
The magic dart hits you. The orc hits you with a +0 war axe.
You shoot an arrow. The arrow hits the orc.
The orc is moderately wounded.
Something hits you but does no damage. The orc hits you with a +0 war axe.
You shoot an arrow. The arrow hits the orc.
The orc is severely wounded.
The orc hits you with a +0 war axe.
You die...

####.....##.
#
##......#..#
#..##.####.#
#.###.# ..#
#.# #.# .#
#.###.#
#..##.#
##.##%######
#..@o......
####{###..#
o# .. ...
.... .....
......


You could see 2 orcs.

Vanquished Creatures
  Sigmund (D:2)
  Jessica (D:3)
  An orc wizard (D:3)
  A ribbon worm (D:3)
  8 orcs (D:3)
  4 ball pythons
  4 endoplasms
  5 goblins
  3 hobgoblins
  4 kobolds
  4 quokkas
  3 bats
  A frilled lizard (D:1)
  22 rats
62 creatures vanquished.

Notes
Turn   | Place    | Note
-------+----------+-------------------------------------------
     0 | D:1      | qw the Djinni Hunter began the quest for the Orb.
     0 | D:1      | Reached XP level 1. HP: 18/18 MP: 0/0
     0 | D:1      | 0 ||| qw: Version: 0.3-a-136-gdd3b4e8
     0 | D:1      | 0 ||| qw: Game counter: 1190
     0 | D:1      | 0 ||| qw: Melee chars always use a shield: true
     0 | D:1      | 0 ||| qw: God list: Okawaru
     0 | D:1      | 0 ||| qw: Allow faded altars: false
     0 | D:1      | 0 ||| qw: Do Orc after clearing Dungeon:15 true
     0 | D:1      | 0 ||| qw: Do second Lair branch before Depths: true
     0 | D:1      | 0 ||| qw: Lair rune preference: random
     0 | D:1      | 0 ||| qw: Goals: Normal
     0 | D:1      | 0 ||| PLANNING D:1-11
   235 | D:1      | Reached XP level 2. HP: 23/23 MP: 0/0
   576 | D:1      | 576 ||| UPGRADING to +0 cloak.
   581 | D:1      | 581 ||| UPGRADING to +0 ring mail.
   591 | D:1      | 591 ||| DROPPING +0 leather armour.
   592 | D:1      | 592 ||| READING scroll labelled DICICWOCIU.
   593 | D:1      | 593 ||| READING scroll labelled WAARIO TAERUSUGYA.
   597 | D:1      | 597 ||| READING scroll labelled NILISA COIRITO.
   597 | D:1      | 597 ||| IDENTIFYING metallic grey potion
   598 | D:1      | 598 ||| READING scroll labelled ICYOTT ONTUTZ.
   598 | D:1      | 598 ||| ENCHANTING +0 shortbow.
   599 | D:1      | 599 ||| DROPPING scroll of butterflies.
   600 | D:1      | 600 ||| DROPPING potion of invisibility.
   830 | D:2      | Reached XP level 3. HP: 28/28 MP: 0/0
   830 | D:2      | Learned a level 1 spell: Sandblast
   831 | D:2      | Reached skill level 1 in Armour
   866 | D:2      | Noticed Sigmund
   876 | D:2      | HP: 5/28 [something (6)]
   880 | D:2      | Killed Sigmund
   881 | D:2      | Reached skill level 5 in Ranged Weapons
   881 | D:2      | Reached XP level 4. HP: 4/33 MP: 0/0
   881 | D:2      | Reached XP level 5. HP: 4/38 MP: 0/0
   881 | D:2      | Learned a level 2 spell: Jinxbite
  1235 | D:2      | Reached XP level 6. HP: 43/43 MP: 0/0
  1379 | D:2      | 1379 ||| READING scroll labelled BUOGGIS TOXEA.
  1476 | D:3      | Found a sparkling altar of Nemelex Xobeh.
  1491 | D:3      | Reached skill level 3 in Fighting
  1500 | D:3      | HP: 10/46 [orc/+0 club (3)]
  1501 | D:3      | 1501 ||| READING scroll of teleportation.
  1509 | D:3      | HP: 8/46 [orc/+0 short sword (2)]
  1591 | D:3      | Noticed Jessica
  1596 | D:3      | Killed Jessica
  1733 | D:3      | Reached skill level 3 in Dodging
  1745 | D:3      | HP: 7/46 [orc/+0 war axe (5)]
  1746 | D:3      | HP: 3/46 [orc/+0 war axe (5)]
  1747 | D:3      | Slain by an orc

Levels and vault maps discovered:
D:1:      minmay_arrival_nine_rooms, layout_basic, st_stairs_4,
          minmay_tree_intersection
D:2:      layout_loops_ring, minmay_rat_hole, uniq_sigmund
D:3:      layout_rooms, old_standard_altar, tso_metal_star, minmay_liquid_box,
          uniq_jessica

Skill      XL: |  1  2  3  4  5  6 |
---------------+-------------------+-----
Armour         | 1 |  1.0
Ranged Weapons | 5 |  5.3
Fighting       | 3 |  3.0
Dodging        | 3 |  3.0
Stealth        | |  0.7

Action                     |  1- 3 |  4- 6 || total
---------------------------+-------+-------++-------
   Fire: Shortbow          |    58 |   108 ||   166
    Use: Scroll            |     4 |     2 ||     6
 Armour: Leather armour    |    10 |       ||    10
         Ring mail         |    15 |    66 ||    81
  Dodge: Dodged            |     7 |    43 ||    50

Table legend:
 A = Non-vault XP
 B = Vault XP
 C = Vault XP percentage of total XP
 D = Non-vault monster count
 E = Vault monster count
 F = Vault count percentage of total count
                 A         B        C        D         E       F
            +---------+---------+-------+---------+---------+-------
      Total |     111 |     274 |  71.2 |      39 |      23 |  37.1
            +---------+---------+-------+---------+---------+-------
        D:1 |      18 |       3 |  14.3 |      10 |       2 |  16.7
        D:2 |      17 |     234 |  93.2 |      12 |      20 |  62.5
        D:3 |      76 |      37 |  32.7 |      17 |       1 |   5.6
            +---------+---------+-------+---------+---------+-------
